 Dungeon Crawl Stone Soup version 0.23.0-38-g208d714 (webtiles) character file.

Game seed: 11141933238846266239

5503 havocjr2 the Nimble (level 10, -2/79 HPs)
             Began as a Gnoll Gladiator on Feb 24, 2019.
             Was an Initiate of Vehumet.
             Killed from afar by a gargoyle (25 damage)
             ... with a stone arrow
             ... on level 8 of the Dungeon on Feb 27, 2019.
             The game lasted 01:08:53 (9690 turns).

havocjr2 the Nimble (Gnoll Gladiator)               Turns: 9690, Time: 01:08:54

Health: -2/79      AC: 13    Str: 16    XL:     10   Next: 70%
Magic:  18/18      EV: 16    Int: 15    God:    Vehumet [......]
Gold:   563        SH:  5    Dex: 16    Spells: 19/19 levels left

rFire    . . .     SeeInvis .   Q - +2 war axe (venom)
rCold    . . .     Gourm    .   u - +0 buckler
rNeg     . . .     Faith    .   U - +4 ring mail
rPois    .         Spirit   .   W - +2 hat {MR+}
rElec    .         Reflect  .   S - +0 cloak
rCorr    .         Harm     +   (no gloves)
MR       +....                  (no boots)
Stlth    ++........             O - amulet "Seuppon" {Harm *Drain Slay+5}
HPRegen  0.23/turn              E - ring of flight
MPRegen  0.16/turn              (no ring)

@: no status effects
A: distributed training, fangs 1, strong nose
a: Renounce Religion, Evoke Flight


You were on level 8 of the Dungeon.
You worshipped Vehumet.
Vehumet was noncommittal.
You were not hungry.

You visited 2 branches of the dungeon, and saw 9 of its levels.
You also visited: Sewer.

You collected 563 gold pieces.

Inventory:

Hand Weapons
 a - a +0 long sword
 f - a +4 dire flail of crushing
 A - a +0 blowgun
 F - a +0 shortbow
 Q - a +2 war axe of venom (weapon)
 T - a +4 vampiric battleaxe
 Z - a +1 dagger of distortion
Missiles
 e - 61 bolts
 h - 128 arrows
 n - 148 stones
 R - 4 tomahawks (quivered)
 X - 5 javelins
Armour
 b - a +0 leather armour
 c - a +0 helmet
 o - a +0 scale mail
 t - a +0 ring mail
 u - a +0 buckler (worn)
 w - a +2 chain mail of magic resistance
 S - a +0 cloak (worn)
 U - a +4 ring mail (worn)
 W - a +2 hat of magic resistance (worn)
Jewellery
 E - a ring of flight (left hand)
 O - the amulet "Seuppon" (around neck) {Harm *Drain Slay+5}
   (You took it off an orc on level 6 of the Dungeon)

   [amulet of harm]

   It increases damage dealt and taken.
   It affects your accuracy and damage with ranged weapons and melee attacks
   (+5).
   It causes draining when unequipped.
Wands
 d - a wand of random effects (24)
 q - a wand of digging (4)
 z - a wand of flame (16)
 C - a wand of iceblast (10)
Scrolls
 l - a scroll of magic mapping
 m - 3 scrolls of immolation
 v - 7 scrolls of remove curse
 y - 2 scrolls of enchant armour {unknown}
 D - 3 scrolls of identify
 G - a scroll of fear {unknown}
 I - 2 scrolls of blinking {unknown}
 J - 4 scrolls of teleportation
 L - a scroll of random uselessness {unknown}
 V - 2 scrolls of amnesia {unknown}
Potions
 g - 2 potions of degeneration
 i - a potion of ambrosia {unknown}
 j - 2 potions of magic
 k - 4 potions of flight
 p - 2 potions of might
 r - a potion of heal wounds {unknown}
 s - 3 potions of lignification
 x - 3 potions of brilliance
 B - a potion of mutation {unknown}
 K - 2 potions of invisibility
 M - a potion of haste {unknown}
 N - a potion of experience {unknown}
 P - 2 potions of berserk rage
Comestibles
 H - 2 rations
 Y - 3 chunks of flesh


   Skills:
 + Level 7.2 Fighting
 + Level 5.4 Short Blades
 + Level 8.6 Long Blades
 + Level 5.4 Axes
 + Level 5.4 Maces & Flails
 + Level 5.4 Polearms
 + Level 5.4 Staves
 + Level 5.4 Slings
 + Level 5.4 Bows
 + Level 5.4 Crossbows
 + Level 7.2 Throwing
 + Level 5.4 Armour
 + Level 8.6 Dodging
 + Level 5.4 Stealth
 + Level 5.4 Shields
 + Level 5.4 Unarmed Combat
 + Level 5.4 Spellcasting
 + Level 4.4 Conjurations
 + Level 4.4 Hexes
 + Level 4.4 Charms
 + Level 4.4 Summonings
 + Level 4.4 Necromancy
 + Level 4.4 Translocations
 + Level 4.4 Transmutations
 + Level 4.4 Fire Magic
 + Level 4.4 Ice Magic
 + Level 4.4 Air Magic
 + Level 4.4 Earth Magic
 + Level 4.4 Poison Magic
 + Level 6.0 Invocations
 + Level 5.4 Evocations


You had 19 spell levels left.
You didn't know any spells.
Your spell library contained the following spells:

 Spells                   Type           Power        Failure   Level  Hunger
 Animate Skeleton         Necr           N/A          4%          1    None
 Pain                     Necr           ###.         4%          1    None
 Summon Small Mammal      Summ           ###.         4%          1    None
 Call Imp                 Summ           ###.....     7%          2    #......
 Call Canine Familiar     Summ           ###.....     13%         3    ###....
 Regeneration             Chrm/Necr      ###.......   13%         3    ###....
 Summon Guardian Golem    Hex/Summ       ###.....     13%         3    ###....
 Vampiric Draining        Necr           ###.......   13%         3    ###....
 Animate Dead             Necr           N/A          41%         4    ####...
 Summon Ice Beast         Ice/Summ       ###.....     41%         4    ####...
 Summon Lightning Spire   Summ/Air       ###.....     41%         4    ####...


Dungeon Overview and Level Annotations

Branches:
Dungeon (8/15)             Temple (1/1) D:7
   Lair: D:8-11

Altars:
Dithmenos
Fedhas
Hepliaklqana
Kikubaaqudgha
Nemelex Xobeh
Okawaru
Ru
Sif Muna
Vehumet
Xom
Zin

Shops:
D:5 *

Annotations:
D:2 1 runed translucent door, Crazy Yiuf
D:4 1 runed translucent door, feelmyfire's ghost, amateur NaTm
D:6 exclusion: oklob plant


Innate Abilities, Weirdness & Mutations

Your experience applies equally to all skills.
You have very sharp teeth.
Your uncanny sense of smell can sniff out nearby items.


Message History

The gargoyle is heavily damaged.
The gargoyle barely misses you.
You hit the gargoyle.
The gargoyle is severely damaged.
The gargoyle hurls a stone arrow at you.
The stone arrow misses you.
You hit the gargoyle but do no damage.
You bite the gargoyle, but do no damage.
The gargoyle is severely damaged.
The gargoyle misses you.
You hit the gargoyle but do no damage.
The gargoyle is severely damaged.
The gargoyle hurls a stone arrow at you.
The stone arrow hits you!!
* * * LOW HITPOINT WARNING * * *
You hit the gargoyle but do no damage.
The gargoyle is heavily damaged.
The gargoyle hurls a stone arrow at you.
The stone arrow hits you!!
You die...

#.......# #...# #..###..#
#.#.# ######### #.##
##.###.#.# #.......###.#
#.......# #.#####.#...#
##)###...# #.# #[#.#..###..#
#...# #.#####.#.###...###
#...# #.#.......# ##.## ##.##
#.#.###.### #@# #.# #.#.# #.#
#9# #.### #.#.###.# ... #...#
#.......# (.... ###.#
###..#### ....... ##.##
#####...####.........####...##
..).....)..'.........'......[#
#####...####((.......####.>.##
# ####..#### ..... ##.##


You could see a gargoyle.

Vanquished Creatures
  Gastronok (D:8)
  A two-headed ogre (D:8)
  Psyche (D:8)
  Grinder (D:3)
  Prince Ribbit (D:6)
  A hippogriff (D:7)
  Edmund (D:4)
  An orc warrior (D:7)
  3 ice beasts
  2 ogres
  A black bear (D:8)
  A phantom (D:5)
  2 centaurs
  A big kobold (D:7)
  Blork the orc (D:6)
  A bullfrog (D:6)
  A wyvern skeleton (D:8)
  3 scorpions
  3 howler monkeys
  A crimson imp (D:5)
  A bullfrog zombie (D:7)
  2 quasits
  A hound (D:8)
  2 jellies
  4 orc wizards
  4 orc priests
  An iguana (D:7)
  Ijyb (D:3)
  4 worker ants
  A killer bee zombie (D:6)
  A hound skeleton (D:4)
  Robin (D:2)
  7 adders
  7 gnolls
  3 shadow imps
  3 oozes (Sewer)
  2 adder zombies
  4 worms (Sewer)
  A dart slug (D:2)
  3 leopard geckos
  27 orcs
  4 ball pythons
  6 giant cockroaches
  13 goblins
  15 hobgoblins
  8 jackals
  2 quokkas (D:2)
  11 bats
  7 frilled lizards
  10 kobolds
  5 leopard gecko skeletons
  12 rats
201 creatures vanquished.

Vanquished Creatures (others)
  13 toadstools (D:6)
13 creatures vanquished.

Grand Total: 214 creatures vanquished

Notes
Turn   | Place    | Note
-------+----------+-------------------------------------------
     0 | D:1      | havocjr2 the Gnoll Gladiator began the quest for the Orb.
     0 | D:1      | Reached XP level 1. HP: 20/20 MP: 1/1
   336 | D:1      | Reached XP level 2. HP: 26/26 MP: 2/2
  1125 | D:2      | Noticed Robin
  1126 | D:2      | Reached XP level 3. HP: 31/31 MP: 3/3
  1337 | D:2      | Reached skill level 1 in Invocations
  1360 | D:2      | Killed Robin
  1366 | D:2      | Reached skill level 1 in Short Blades
  1366 | D:2      | Reached skill level 1 in Axes
  1366 | D:2      | Reached skill level 1 in Maces & Flails
  1366 | D:2      | Reached skill level 1 in Polearms
  1366 | D:2      | Reached skill level 1 in Staves
  1366 | D:2      | Reached skill level 1 in Slings
  1366 | D:2      | Reached skill level 1 in Bows
  1366 | D:2      | Reached skill level 1 in Crossbows
  1366 | D:2      | Reached skill level 1 in Armour
  1366 | D:2      | Reached skill level 1 in Stealth
  1366 | D:2      | Reached skill level 1 in Shields
  1366 | D:2      | Reached skill level 1 in Unarmed Combat
  1366 | D:2      | Reached skill level 1 in Spellcasting
  1366 | D:2      | Reached skill level 1 in Evocations
  1372 | D:2      | Reached XP level 4. HP: 33/38 MP: 5/5
  1465 | D:2      | Reached skill level 1 in Conjurations
  1465 | D:2      | Reached skill level 1 in Hexes
  1465 | D:2      | Reached skill level 1 in Charms
  1465 | D:2      | Reached skill level 1 in Summonings
  1465 | D:2      | Reached skill level 1 in Necromancy
  1465 | D:2      | Reached skill level 1 in Translocations
  1465 | D:2      | Reached skill level 1 in Transmutations
  1465 | D:2      | Reached skill level 1 in Fire Magic
  1465 | D:2      | Reached skill level 1 in Ice Magic
  1465 | D:2      | Reached skill level 1 in Air Magic
  1465 | D:2      | Reached skill level 1 in Earth Magic
  1465 | D:2      | Reached skill level 1 in Poison Magic
  1697 | D:2      | Reached XP level 5. HP: 43/43 MP: 6/6
  1732 | D:2      | Found a runed translucent door.
  1733 | D:2      | Noticed Crazy Yiuf
  2586 | D:3      | Noticed Ijyb
  2600 | D:3      | Killed Ijyb
  2600 | D:3      | Reached XP level 6. HP: 46/50 MP: 8/8
  2680 | D:3      | Found a shimmering altar of Xom.
  3038 | D:3      | Noticed Grinder
  3055 | D:3      | Killed Grinder
  3055 | D:3      | Reached skill level 5 in Fighting
  3055 | D:3      | Reached skill level 5 in Throwing
  3055 | D:3      | Reached XP level 7. HP: 7/56 MP: 8/10
  3404 | D:4      | Found a runed translucent door.
  3404 | D:4      | Noticed a troll
  3405 | D:4      | Noticed feelmyfire's ghost (amateur NaTm)
  3407 | D:4      | Found the +4 skin of Zhor {Hibernate rC+++ SInv}
  3476 | D:4      | Noticed Edmund
  3515 | D:4      | HP: 2/56 [Edmund/+4 dire flail of crushing (11)]
  3838 | D:4      | Killed Edmund
  4202 | D:4      | Found a sparkling altar of Nemelex Xobeh.
  4202 | D:4      | Found a hazy altar of Hepliaklqana.
  4396 | D:5      | Entered Level 5 of the Dungeon
  4503 | D:5      | Reached XP level 8. HP: 53/63 MP: 12/12
  4677 | D:5      | Found a glowing drain.
  4681 | Sewer    | Entered a sewer
  5391 | D:5      | Found Laheqon's Luxury Loot.
  5985 | D:6      | Found a blossoming altar of Fedhas.
  6005 | D:6      | Noticed an oklob plant
  6129 | D:6      | Identified the amulet "Seuppon" {Harm *Drain Slay+5}
  6177 | D:6      | Noticed Prince Ribbit
  6204 | D:6      | Killed Prince Ribbit
  6204 | D:6      | Reached XP level 9. HP: 68/69 MP: 14/14
  6352 | D:6      | Noticed Blork the orc
  6377 | D:6      | Killed Blork the orc
  6840 | D:7      | Found a staircase to the Ecumenical Temple.
  6860 | Temple   | Entered the Ecumenical Temple
  6882 | Temple   | Became a worshipper of Vehumet
  7347 | D:7      | Found a sacrificial altar of Ru.
  7348 | D:7      | Found an iron altar of Okawaru.
  8637 | D:8      | Found a glowing silver altar of Zin.
  8689 | D:8      | Noticed a two-headed ogre
  8703 | D:8      | Killed a two-headed ogre
  8703 | D:8      | Reached skill level 5 in Invocations
  8703 | D:8      | Reached XP level 10. HP: 60/77 MP: 15/17
  8743 | D:8      | Noticed a gargoyle
  8764 | D:7      | Upgraded the game from 0.23.0-3-gf3c87f2 to
                  | 0.23.0-38-g208d714
  8982 | D:8      | Noticed Gastronok
  9002 | D:8      | Killed Gastronok
  9002 | D:8      | Reached skill level 5 in Short Blades
  9002 | D:8      | Reached skill level 5 in Axes
  9002 | D:8      | Reached skill level 5 in Maces & Flails
  9002 | D:8      | Reached skill level 5 in Polearms
  9002 | D:8      | Reached skill level 5 in Staves
  9002 | D:8      | Reached skill level 5 in Slings
  9002 | D:8      | Reached skill level 5 in Bows
  9002 | D:8      | Reached skill level 5 in Crossbows
  9002 | D:8      | Reached skill level 5 in Armour
  9002 | D:8      | Reached skill level 5 in Stealth
  9002 | D:8      | Reached skill level 5 in Shields
  9002 | D:8      | Reached skill level 5 in Unarmed Combat
  9002 | D:8      | Reached skill level 5 in Spellcasting
  9002 | D:8      | Reached skill level 5 in Evocations
  9385 | D:8      | Found a deep blue altar of Sif Muna.
  9535 | D:8      | Found a shadowy altar of Dithmenos.
  9616 | D:8      | Noticed Psyche
  9620 | D:8      | Killed Psyche
  9690 | D:8      | Killed from afar by a gargoyle

Skill      XL: |  1  2  3  4  5  6  7  8  9 10 |
---------------+-------------------------------+-----
Invocations    | 1 2 3 4 5 6 |  6.0
Short Blades   | 1 2 3 4 5 |  5.4
Axes           | 1 2 3 4 5 |  5.4
Maces & Flails | 1 2 3 4 5 |  5.4
Polearms       | 1 2 3 4 5 |  5.4
Staves         | 1 2 3 4 5 |  5.4
Slings         | 1 2 3 4 5 |  5.4
Bows           | 1 2 3 4 5 |  5.4
Crossbows      | 1 2 3 4 5 |  5.4
Armour         | 1 2 3 4 5 |  5.4
Stealth        | 1 2 3 4 5 |  5.4
Shields        | 1 2 3 4 5 |  5.4
Unarmed Combat | 1 2 3 4 5 |  5.4
Spellcasting   | 1 2 3 4 5 |  5.4
Evocations     | 1 2 3 4 5 |  5.4
Conjurations   | 1 2 3 4 |  4.4
Hexes          | 1 2 3 4 |  4.4
Charms         | 1 2 3 4 |  4.4
Summonings     | 1 2 3 4 |  4.4
Necromancy     | 1 2 3 4 |  4.4
Translocations | 1 2 3 4 |  4.4
Transmutations | 1 2 3 4 |  4.4
Fire Magic     | 1 2 3 4 |  4.4
Ice Magic      | 1 2 3 4 |  4.4
Air Magic      | 1 2 3 4 |  4.4
Earth Magic    | 1 2 3 4 |  4.4
Poison Magic   | 1 2 3 4 |  4.4
Fighting       | 5 6 7 |  7.2
Throwing       | 5 6 7 |  7.2
Long Blades    | 7 8 |  8.6
Dodging        | 7 8 |  8.6

Action                   |  1- 3 |  4- 6 |  7- 9 | 10-12 || total
-------------------------+-------+-------+-------+-------++-------
Melee: Long sword        |    71 |   120 |   435 |    28 ||   654
       Bite              |     7 |    17 |    63 |     9 ||    96
       Punch             |       |     1 |       |       ||     1
       Dagger            |       |    10 |    13 |       ||    23
       War axe           |       |       |       |    13 ||    13
Throw: Stone             |    40 |    96 |    87 |       ||   223
       Throwing net      |     4 |       |       |       ||     4
       Tomahawk          |       |       |    18 |     5 ||    23
 Abil: Evoke Flight      |       |       |     1 |       ||     1
Evoke: Wand              |       |       |     6 |     2 ||     8
  Use: Scroll            |     3 |       |     2 |     7 ||    12
       Potion            |     2 |     1 |       |       ||     3
 Stab: Sleeping          |       |     1 |       |     3 ||     4
  Eat: Chunk             |     1 |     6 |    12 |     3 ||    22
       Ration            |       |       |     2 |       ||     2
Armor: Leather armour    |     2 |       |       |       ||     2
       Scale mail        |    14 |    20 |       |       ||    34
       Ring mail         |       |    13 |     6 |     6 ||    25
       Chain mail        |       |       |   203 |       ||   203
Dodge: Dodged            |    34 |    83 |   221 |    16 ||   354
Block: Buckler           |       |    10 |    77 |     8 ||    95
       Rpst.: Long sword |    13 |    24 |    66 |     5 ||   108
